 Dungeon Crawl Stone Soup version 0.12.2-6-g2b2ad49 (webtiles) character file.

142 Bogabada the Caller (level 2, -1/20 HPs)
             Began as a Merfolk Wanderer on June 16, 2013.
             Shot with a sling bullet of frost by a goblin (6 damage)
             ... on Level 2 of the Dungeon.
             The game lasted 00:04:02 (1801 turns).

Bogabada the Caller (Merfolk Wanderer)              Turns: 1801, Time: 00:04:02

HP  -1/20        AC  2     Str 12      XL: 2   Next: 79%
MP   2/3         EV 11     Int 12      God:
Gold 122         SH  0     Dex 12      Spells:  2 memorised,  1 level left

Res.Fire  : . . .   See Invis. : .   b - +0 spear
Res.Cold  : . . .   Warding    : .   c - +0 robe
Life Prot.: . . .   Conserve   : .   (no shield)
Res.Poison: .       Res.Corr.  : .   (no helmet)
Res.Elec. : .       Clarity    : .   (no cloak)
Sust.Abil.: . .     Spirit.Shd : .   (no gloves)
Res.Mut.  : .       Stasis     : .   (no boots)
Res.Rott. : .       Ctrl.Telep.: .   (no amulet)
Saprovore : . . .   Flight     : .   (no ring)
                                     (no ring)

@: not resistant to hostile enchantments, unstealthy
A: change form in water, swift swim
a: no special abilities


You were on level 2 of the Dungeon.
You were not hungry.

You visited 1 branch of the dungeon, and saw 2 of its levels.

You collected 72 gold pieces.

Inventory:

Hand weapons
 b - a +0,+0 spear (weapon)
Armour
 c - a +0 robe (worn)
Comestibles
 d - a bread ration
 f - a meat ration
Scrolls
 e - 3 scrolls of identify {unknown}
 g - a scroll of magic mapping {unknown}
 i - a scroll of remove curse {unknown}
 k - a scroll of blinking {unknown}
Potions
 h - 2 potions of restore abilities {unknown}
 j - a potion of curing {unknown}
Books
 a - a book of Callings

   Spells                             Type                      Level
   *Summon Small Mammals              Summoning                    1
   Call Imp                           Summoning                    2
   Call Canine Familiar               Summoning                    3
   Summon Scorpions                   Summoning/Poison             4
   Summon Ice Beast                   Ice/Summoning                4


   Skills:
 + Level 2.6 Fighting
 + Level 1.0 Armour
 + Level 0.6 Dodging
 + Level 1.1 Stealth
 + Level 1.0 Traps
 + Level 1.0 Spellcasting
 + Level 1.2 Conjurations
 + Level 3.4 Summonings


You had one spell level left.
You knew the following spells:

 Your Spells              Type           Power        Failure   Level  Hunger
a - Magic Dart            Conj           #....        21%         1    ##.....
b - Summon Small Mammals  Summ           ##...        10%         1    ##.....


Dungeon Overview and Level Annotations

Branches:
Dungeon (2/27)

Altars:
Okawaru


Message History

The goblin shouts!
The goblin wields a sling.
The goblin shoots a sling bullet of frost.
The sling bullet of frost hits you!
You see here a sling bullet of frost.
The goblin shoots a sling bullet of frost.
The sling bullet of frost misses you.
Casting: Summon Small Mammals
Confirm with . or Enter, or press ? or * to list all spells.
The goblin shoots a sling bullet of frost.
The sling bullet of frost hits your bat.
Your bat dies!
Your bat's corpse disappears in a puff of smoke!
The goblin shoots a sling bullet of frost.
The sling bullet of frost hits you!
* * * LOW HITPOINT WARNING * * *
You see here 2 sling bullets of frost.
The goblin shoots a sling bullet of frost.
The sling bullet of frost hits you!
You die...

#...#####.# #.#
#......##.# #.#
#.........# #.#
##.#...#### #.#
#######.##.## #.#
............# #.#
####...#.##########.###
......................###
########@##########......
#(### #...... #...#####
#......
#(..#...####.#####
####...#......#.#
#.....##......#.#
####.....###.....#.#
........g._.........##
.........#########...#


You could see a goblin.

Vanquished Creatures
  2 bats (D:1)
  A giant cockroach (D:1)
  4 hobgoblins
  A ball python (D:1)
  A giant newt (D:1)
  2 goblins (D:1)
  5 rats (D:1)
16 creatures vanquished.

Vanquished Creatures (collateral kills)
  A giant gecko (D:1)
  2 goblins
  A hobgoblin (D:1)
4 creatures vanquished.

Vanquished Creatures (others)
  3 bats
  2 rats (D:1)
5 creatures vanquished.

Grand Total: 25 creatures vanquished

Notes
Turn   | Place    | Note
--------------------------------------------------------------
     0 | D:1      | Bogabada, the Merfolk Wanderer, began the quest for the Orb.
     0 | D:1      | Reached XP level 1. HP: 14/14 MP: 2/2
     2 | D:1      | Learned a level 1 spell: Summon Small Mammals
   396 | D:1      | Reached XP level 2. HP: 18/20 MP: 3/3
  1751 | D:2      | Found an iron altar of Okawaru.
  1801 | D:2      | Shot with a sling bullet of frost by a goblin

Action                   || total
-------------------------++-------
Melee: Spear             ||    65
 Cast: Summon Small Mamm ||    12
 Stab: Sleeping          ||     1
